 Dungeon Crawl Stone Soup version 0.28.0-43-g3370ac3207 (webtiles) character file.

Game seed: 1238504744108812636

114 tizbic2 the Sneak (level 4, -8/27 HPs)
             Began as a Vampire Brigand on Mar 6, 2022.
             Killed by divine providence
             ... invoked by an orc priest
              (15 damage)
             ... on level 3 of the Dungeon.
             The game lasted 00:09:28 (2106 turns).

tizbic2 the Sneak (Vampire Brigand)                 Turns: 2106, Time: 00:09:29

Health: -8/27      AC:  6    Str: 10    XL:     4   Next: 67%
Magic:  4/4        EV: 10    Int: 13    God:
Gold:   102        SH:  0    Dex: 17    Spells: 3/3 levels left

rFire   . . .      SeeInvis +   a - +2 dagger (chaos)
rCold   + + .      Faith    .   (no shield)
rNeg    + + +      Spirit   .   h - +0 ring mail
rPois   ∞          Reflect  .   (no helmet)
rElec   .          Harm     .   c - +0 cloak
rCorr   .          Rampage  .   (no gloves)
Will    .....                   (no boots)
Stlth   +++++.....              (no amulet)
HPRegen 0.00/turn               (no ring)
MPRegen 0.09/turn               (no ring)

@: bloodless, inhibited regen
A: bloodless, fangs 3, see invisible, vampiric 2
a: Bat Form, Revivify


You were on level 3 of the Dungeon.
You visited 1 branch of the dungeon, and saw 3 of its levels.

You collected 102 gold pieces.

Inventory:

Hand Weapons
 a - a +2 dagger of chaos (weapon)
Missiles
 d - 17 poisoned darts (quivered)
 e - 4 curare-tipped darts
Armour
 b - a +0 robe
 c - a +0 cloak (worn)
 f - a +0 leather armour
 h - a +0 ring mail (worn)
Wands
 g - a wand of flame (3)
Scrolls
 m - 2 scrolls of teleportation {unknown}
 n - a scroll of vulnerability
Potions
 i - a potion of heal wounds {unknown}
 j - 2 potions of attraction {unknown}
 k - a potion of flight {unknown}
 l - 2 potions of might {unknown}


   Skills:
 - Level 2.4 Fighting
 * Level 3.5 Short Blades
 - Level 2.0 Throwing
 - Level 1.1 Dodging
 * Level 7.4 Stealth


You had 3 spell levels left.
You didn't know any spells.
Your spell library contained the following spells:

 Spells                   Type           Power      Damage    Failure   Level
 Dazzling Flash           Conj/Hex       0%         N/A       94%         3
 Agony                    Necr           0%         N/A       100%        5
 Silence                  Hex/Air        0%         N/A       100%        5


Dungeon Overview and Level Annotations

Branches:
Dungeon (3/15)

Altars:
Ashenzari

Shops:
D:1 [


Innate Abilities, Weirdness & Mutations

You do not regenerate when monsters are visible.
You are frail without blood (-20% HP).
You can heal yourself when you bite living creatures.
You are immune to poison.
You have razor-sharp teeth.
You have supernaturally acute eyesight. (SInv)
You are afflicted with vampirism and can become a bat while bloodless.


Message History

The adder bites you. The adder bites you but does no damage.
You hit the adder. You bite the adder.
You draw the adder's blood!
You feel better.
The adder is heavily wounded.
The adder bites you but does no damage.
You miss the adder.
The adder is heavily wounded.
The orc priest casts a cantrip, but nothing happens.
The adder barely misses you.
You closely miss the adder.
The adder is heavily wounded.
The adder barely misses you.
You miss the adder.
The adder is heavily wounded.
The adder bites you.
You hit the adder. You burn the adder. You bite the adder.
You kill the adder!
The orc priest casts a cantrip, but nothing happens.
The orc priest shouts!
You hit the endoplasm. You bite the endoplasm.
You kill the endoplasm!
The orc priest casts a cantrip, but nothing happens.
There is an escape hatch in the floor here.
You see here an adder corpse.
The orc shouts!
You hit the orc priest.
The orc priest is moderately wounded.
You hit the orc.
Space warps around the orc.
The orc is almost dead.
You hit the orc.
You kill the orc!
The orc priest invokes the aid of Beogh against you.
Beogh smites you!
Ouch! That really hurt!
* * * LOW HITPOINT WARNING * * *
Found a chain mail.
The orc priest invokes the aid of Beogh against you.
Beogh smites you!
Ouch! That really hurt!
You die...

.......+ .......#
.......# .......#
....)..# .......# ..
######## ...[ #
####.....
################@ooo....
...............>)##o#.#.
################## #


You could see 2 orc priests and 2 orcs.

Vanquished Creatures
  An orc wizard (D:3)
  3 adders
  A worm (D:2)
  3 dart slugs (D:1)
  7 orcs
  4 bats
  5 endoplasms
  2 giant cockroaches (D:2)
  3 goblins
  2 hobgoblins
  5 kobolds
  4 ball pythons
  3 frilled lizards
  A quokka skeleton (D:2)
  A rat (D:2)
45 creatures vanquished.

Notes
Turn   | Place    | Note
-------+----------+-------------------------------------------
     0 | D:1      | tizbic2 the Vampire Brigand began the quest for the Orb.
     0 | D:1      | Reached XP level 1. HP: 16/16 MP: 1/1
    65 | D:1      | Reached skill level 6 in Stealth
   135 | D:1      | Reached XP level 2. HP: 17/17 MP: 2/2
   214 | D:1      | Found Tannoebi's Antique Armour Boutique.
   931 | D:2      | Gained mutation: You are afflicted with vampirism and can
                  | become a bat while bloodless. [Vampire growth]
   931 | D:2      | Reached XP level 3. HP: 20/21 MP: 3/3
   973 | D:2      | Found a faded altar of an unknown god.
  1229 | D:2      | Found a broken altar of Ashenzari.
  1625 | D:2      | Reached skill level 7 in Stealth
  1672 | D:3      | Reached XP level 4. HP: 5/27 MP: 4/4
  2106 | D:3      | Killed from afar by an orc priest

Illustrated notes

Levels and vault maps discovered:
D:1:      roderic_crossed_star, layout_basic, serial_shops, shop
D:2:      layout_basic, basic_altar, ebering_ecumenical_altar_webs
D:3:      layout_basic, amcnicky_altar_gilded

Skill      XL: |  1  2  3 |
---------------+----------+-----
Stealth        | 6 7 |  7.4
Fighting       | 2 |  2.4
Throwing       | 2 |  2.0
Short Blades   | 3 |  3.5
Dodging        | |  1.1

Action                   |  1- 3 |  4- 6 || total
-------------------------+-------+-------++-------
Melee: Dagger            |    73 |    30 ||   103
       Bite              |     7 |     4 ||    11
       Punch             |     1 |       ||     1
Throw: Dart              |     4 |       ||     4
 Abil: Exsanguinate      |     1 |       ||     1
  Use: Scroll            |     7 |       ||     7
 Stab: Sleeping          |    18 |       ||    18
Armor: Ring mail         |    15 |     5 ||    20
Dodge: Dodged            |    20 |    11 ||    31
